 Dungeon Crawl Stone Soup version 0.22.1-1-ga44c0e56f4 (webtiles) character file.

168 Reeggar the Skirmisher (level 5, -2/41 HPs)
             Began as a Demonspawn Fighter on Nov 1, 2018.
             Killed by divine providence
             ... invoked by an orc priest
              (15 damage)
             ... on level 3 of the Dungeon.
             The game lasted 00:09:55 (3072 turns).

Reeggar the Skirmisher (Demonspawn Fighter)         Turns: 3072, Time: 00:09:56

Health: -2/41      AC: 10    Str: 17    XL:     5   Next: 23%
Magic:  5/5        EV:  7    Int:  9    God:
Gold:   183        SH:  9    Dex: 13    Spells: 4/4 levels left

rFire    . . .     SeeInvis .   a - +0 long sword
rCold    + . .     Gourm    .   c - +0 shield
rNeg     . . .     Faith    .   b - +0 scale mail
rPois    .         Spirit   .   o - +2 helmet of Tomorrow {MR+}
rElec    .         Reflect  .   (no cloak)
rCorr    .         Harm     .   (no gloves)
MR       +....                  (no boots)
Stlth    ..........             (no amulet)
HPRegen  0.13/turn              (no ring)
MPRegen  0.09/turn              (no ring)

@: no status effects
A: hooves 1, cold resistance 1, powered by death 1, freezing cloud immunity
a: no special abilities


You were on level 3 of the Dungeon.
You were not hungry.

You visited 1 branch of the dungeon, and saw 3 of its levels.

You collected 183 gold pieces.

Inventory:

Hand Weapons
 a - a +0 long sword (weapon)
Armour
 b - a +0 scale mail (worn)
 c - a +0 shield (worn)
 o - the +2 helmet of Tomorrow (worn) {MR+}
   (You took it off Robin on level 2 of the Dungeon)

   It affects your resistance to hostile enchantments.
Wands
 g - a wand of random effects (18)
Scrolls
 e - a scroll of fear {unknown}
 i - a scroll of noise {unknown}
 j - 3 scrolls of remove curse
 k - a scroll of random uselessness {unknown}
 l - a scroll of teleportation {unknown}
 m - a scroll of amnesia {unknown}
Potions
 d - a potion of might
Comestibles
 f - 4 rations
 h - 4 chunks of flesh


   Skills:
 + Level 3.4 Fighting
 + Level 3.3 Long Blades
 + Level 3.4 Armour
 + Level 0.6 Dodging
 + Level 0.2 Stealth
 + Level 3.4 Shields


You had 4 spell levels left.
You didn't know any spells.
Your spell library was empty.

Dungeon Overview and Level Annotations

Branches:
Dungeon (3/15)

Altars:
Yredelemnul


Innate Abilities, Weirdness & Mutations

You have large cloven feet.
Your flesh is cold resistant. (rC+)
You regenerate a little health from kills.
You are immune to freezing clouds.


Message History

You see here an adder corpse.
You butcher the adder corpse.
h - 5 chunks of flesh (gained 1)
You see here an adder skeleton.
You now have 183 gold pieces (gained 16).
An orc priest comes into view.
The orc priest looks braver for a moment.
The orc priest mumbles some strange prayers to Beogh against you.
Beogh smites you!
Some of the chunks of flesh in your inventory have rotted away.
You see here an adder skeleton.
The orc priest calls down the wrath of Beogh upon you.
Beogh smites you!
You hear a shout!
The orc priest invokes the aid of Beogh against you.
Pain shoots through your body!
There is an open door here.
The orc priest mumbles some strange prayers to Beogh against you.
Beogh smites you!
You die...

.........## .##.##..##
#.o..## ##....# ##÷##.# #.#
## #.# #.# #.# ##'## #.#
#### ##..@#########.#
....####.....#......#.#
......#........##.....#
..#.#..........##.#...######
........>...†..'............
...............##.....######
..#.###........###...## ....
##.....#.# #..## #.#
##...##......#


You could see an orc priest.

Vanquished Creatures
  Natasha (twice) (D:2)
  Robin (D:2)
  4 adders
  An ooze (D:1)
  3 dart slugs
  2 worms
  8 bats
  A giant cockroach (D:1)
  5 hobgoblins
  3 jackals (D:3)
  3 frilled lizards (D:2)
  17 goblins
  4 kobolds
  5 rats
59 creatures vanquished.

Notes
Turn   | Place    | Note
-------+----------+-------------------------------------------
     0 | D:1      | Reeggar the Demonspawn Fighter began the quest for the Orb.
     0 | D:1      | Reached XP level 1. HP: 18/18 MP: 1/1
   220 | D:1      | Gained mutation: Your flesh is cold resistant. (rC+)
                  | [demonic ancestry]
   220 | D:1      | Reached XP level 2. HP: 19/24 MP: 2/2
  1142 | D:2      | Gained mutation: You are immune to freezing clouds.
                  | [demonic ancestry]
  1142 | D:2      | Reached XP level 3. HP: 22/29 MP: 3/3
  2168 | D:2      | Gained mutation: You regenerate a little health from kills.
                  | [demonic ancestry]
  2168 | D:2      | Reached XP level 4. HP: 31/35 MP: 4/4
  2189 | D:2      | Noticed Natasha
  2219 | D:2      | Killed Natasha
  2459 | D:2      | Noticed Robin
  2508 | D:2      | Killed Robin
  2560 | D:2      | Got a dazzling helmet
  2571 | D:2      | Identified the +2 helmet of Tomorrow {MR+} (You took it off
                  | Robin on level 2 of the Dungeon)
  2775 | D:2      | Noticed Natasha
  2801 | D:2      | Found a basalt altar of Yredelemnul.
  2997 | D:2      | Killed Natasha
  2997 | D:2      | Gained mutation: You have large cloven feet. [demonic
                  | ancestry]
  2997 | D:2      | Reached XP level 5. HP: 32/41 MP: 5/5
  3072 | D:3      | Killed from afar by an orc priest

Skill      XL: |  1  2  3  4 |
---------------+-------------+-----
Armour         | 3 |  3.4
Long Blades    | 2 3 |  3.3
Shields        | 3 |  3.4
Fighting       | |  3.4
Dodging        | |  0.6
Stealth        | |  0.2

Action                   |  1- 3 |  4- 6 || total
-------------------------+-------+-------++-------
Melee: Long sword        |   112 |    89 ||   201
       Kick              |       |     2 ||     2
  Use: Scroll            |     2 |     1 ||     3
       Potion            |       |     1 ||     1
  Eat: Chunk             |     2 |     2 ||     4
       Ration            |     1 |       ||     1
Armor: Scale mail        |    65 |    41 ||   106
Dodge: Dodged            |    52 |    27 ||    79
Block: Shield            |    66 |    47 ||   113
       Rpst.: Long sword |    17 |     6 ||    23
